 Dungeon Crawl Stone Soup version 0.25-a0-834-g55863b0b92 (webtiles) character file.

Game seed: 10004515573299767570, levelgen mode: deterministic

3633 kae the Martial Artist (level 9, -6/64 HPs)
             Began as a Black Draconian Transmuter on Apr 23, 2020.
             Was a Believer of Wu Jian.
             Mangled by a yak (18 damage)
             ... on level 9 of the Dungeon.
             The game lasted 00:09:53 (9329 turns).

kae the Martial Artist (Black Draconian Transmuter) Turns: 9329, Time: 00:09:54

Health: -6/64      AC:  8    Str: 19    XL:     9   Next: 87%
Magic:  19/19      EV: 14    Int: 15    God:    Wu Jian [**....]
Gold:   2155       SH:  0    Dex: 13    Spells: 6/21 levels left

rFire    . . .     SeeInvis .     - Unarmed
rCold    . . .     Gourm    .   (no shield)
rNeg     . . .     Faith    .   (armour unavailable)
rPois    .         Spirit   .   (helmet restricted)
rElec    +         Reflect  .   g - +0 cloak (curse)
rCorr    .         Harm     .   (no gloves)
MR       .....                  (no boots)
Stlth    +.........             (no amulet)
HPRegen  0.20/turn              d - +6 ring of strength
MPRegen  0.16/turn              u - +2 ring of evasion

@: no status effects
A: breathe lightning, unfitting armour, electricity resistance, cold-blooded, AC
+7
a: Breathe Lightning, Wall Jump, Renounce Religion


You were on level 9 of the Dungeon.
You worshipped Wu Jian.
Wu Jian was pleased with you.
You were not hungry.

You visited 1 branch of the dungeon, and saw 9 of its levels.

You collected 2870 gold pieces.
You spent 715 gold pieces at shops.

Inventory:

Missiles
 a - 140 arrows
Armour
 g - a cursed +0 cloak (worn)
Jewellery
 d - a +6 ring of strength (left hand)
 i - an uncursed ring of fire
 u - a +2 ring of evasion (right hand)
Wands
 q - a wand of disintegration (7)
 s - a wand of acid (10)
 t - a wand of iceblast (6)
 v - a wand of random effects (14)
 w - a wand of paralysis (11)
Scrolls
 e - 3 scrolls of amnesia
 h - 2 scrolls of enchant weapon
 j - 2 scrolls of teleportation
 l - 6 scrolls of remove curse
 n - 6 scrolls of identify
 r - a scroll of fog
Potions
 b - a potion of haste
 f - 2 potions of curing
 k - 2 potions of brilliance
 m - 2 potions of magic
 o - 2 potions of flight
 p - a potion of degeneration
Comestibles
 c - 15 rations
 x - a chunk of flesh


   Skills:
 - Level 1.1 Fighting
 - Level 1.7 Dodging
 * Level 10.4 Unarmed Combat
 + Level 6.8 Spellcasting
 + Level 7.3 Transmutations


You had 6 spell levels left.
You knew the following spells:

 Your Spells              Type           Power        Failure   Level  Hunger
a - Beastly Appendage     Tmut           ####..       1%          1    None
b - Sticks to Snakes      Tmut           ####....     1%          2    None
c - Spider Form           Tmut/Pois      ###.......   9%          3    ##.....
d - Ice Form              Ice/Tmut       ###.....     30%         4    ####...
e - Blade Hands           Tmut           ####......   19%         5    #####..

Your spell library contained the following spells:

 Spells                   Type           Power        Failure   Level  Hunger
 Irradiate                Conj/Tmut      ###.......   63%         5    #####..
 Hydra Form               Tmut           ####......   71%         6    #######
 Statue Form              Tmut/Erth      ###......    99%         6    #######
 Dragon Form              Tmut           ####......   99%         7    #######


Dungeon Overview and Level Annotations

Branches:
Dungeon (9/15)             Temple (0/1) D:5
   Lair: D:8-11         Orc: D:9-12

Altars:
Fedhas
Kikubaaqudgha
Nemelex Xobeh
Sif Muna
Wu Jian
Yredelemnul
Zin

Shops:
D:4 :

Annotations:
D:4 3 runed translucent doors, Lanoc's ghost, amateur HOBe
D:6 3 runed translucent doors, Esekla's ghost, novice TeVM


Innate Abilities, Weirdness & Mutations

You can breathe wild blasts of lightning.
Your glossy black scales are hard. (AC +7)
You cannot fit into any form of body armour.
You are resistant to electric shocks. (rElec)
You are cold-blooded and may be slowed by cold attacks.


Message History

You spin and attack the howler monkey.
You hit the howler monkey.
The howler monkey is lightly wounded.
You spin and attack the howler monkey.
You punch the howler monkey!
You kill the howler monkey!
The Council accepts your kill.
An adder comes into view.
A shadow imp comes into view.
The howler monkey hoots and howls with incredible vigour!
The howler monkey hits you.
You hear a shout! x8; You hear an angry buzzing noise.
You hear a shout! x2
You hear an angry buzzing noise.
Found a potion of curing.
The orc warrior throws a boomerang of dispersal.
The boomerang of dispersal hits you!
You blink.
The howler monkey hits you.
The shadow imp summons a swarm of flies.
You hit the yak. You tail-slap the yak.
The yak is lightly wounded.
The yak gores you but does no damage. The yak gores you!
* * * LOW HITPOINT WARNING * * *
The howler monkey misses you. The yak gores you!!
You die...

#.
#..#############...
#....YYh†.§<.....8≈
#...5Y@YY........≈8
#...Y..h.........≈≈
#................≈≈
#............So..≈≈
#...........[...o.o
#................≈≈
#................≈≈
#.............!.


You could see 6 yaks, 2 howler monkeys, an adder and a shadow imp.

Vanquished Creatures
  Maggie (D:6)
  A hippogriff (D:7)
  A wyvern (D:8)
  A hungry ghost (D:7)
  A water moccasin (D:5)
  Duvessa (D:7)
  2 orc warriors
  A sky beast (D:5)
  A phantom (D:6)
  A centaur (D:8)
  2 ogres
  4 bullfrogs
  A gnoll sergeant (D:5)
  Dowan (D:7)
  A water moccasin skeleton (D:8)
  5 killer bees (D:7)
  5 howler monkeys
  2 crimson imps
  2 bullfrog zombies (D:8)
  3 hounds
  6 orc priests
  4 orc wizards (D:8)
  A centaur skeleton (D:5)
  Crazy Yiuf (D:3)
  An iguana (D:8)
  Ijyb (D:3)
  11 worker ants
  3 hound skeletons
  A worker ant zombie (D:5)
  8 gnolls
  7 adders
  2 howler monkey skeletons
  2 shadow imps (D:8)
  3 oozes
  An adder zombie (D:2)
  A worm (D:4)
  A dart slug (D:1)
  8 leopard geckos
  14 orcs
  6 bats
  A bat skeleton (D:2)
  5 giant cockroaches
  4 goblins
  8 hobgoblins
  4 jackals (D:2)
  4 quokkas
  2 ball pythons
  14 frilled lizards
  A jackal skeleton (D:4)
  A jackal zombie (D:2)
  3 kobolds
  A quokka skeleton (D:2)
  A quokka zombie (D:7)
  13 rats
181 creatures vanquished.

Notes
Turn   | Place    | Note
-------+----------+-------------------------------------------
     0 | D:1      | kae the Draconian Transmuter began the quest for the Orb.
     0 | D:1      | Reached XP level 1. HP: 16/16 MP: 3/3
   117 | D:1      | Reached XP level 2. HP: 12/23 MP: 5/5
   481 | D:1      | Reached XP level 3. HP: 28/28 MP: 6/6
  1081 | D:2      | Found a basalt altar of Yredelemnul.
  1114 | D:2      | Found a blossoming altar of Fedhas.
  1178 | D:2      | Reached skill level 4 in Unarmed Combat
  1238 | D:2      | Reached XP level 4. HP: 31/35 MP: 7/7
  1767 | D:3      | Found an ornate altar of the Wu Jian Council.
  1818 | D:3      | Found an ancient bone altar of Kikubaaqudgha.
  1838 | D:3      | Noticed Ijyb
  1852 | D:3      | Paralysed by Ijyb for 3 turns
  1856 | D:3      | HP: 1/35 [orc/+0 flail (4)]
  1902 | D:2      | Learned a level 2 spell: Sticks to Snakes
  1906 | D:2      | Learned a level 3 spell: Spider Form
  2128 | D:3      | Paralysed by Ijyb for 2 turns
  2134 | D:3      | Killed Ijyb
  2134 | D:3      | Reached XP level 5. HP: 40/40 MP: 3/9
  2145 | D:3      | Became a worshipper of the Wu Jian Council
  2296 | D:3      | Found a runed translucent door.
  2297 | D:3      | Noticed Crazy Yiuf
  2307 | D:3      | Killed Crazy Yiuf
  2376 | D:4      | Reached skill level 5 in Unarmed Combat
  2688 | D:4      | Reached XP level 6. HP: 45/47 MP: 7/11
  2694 | D:4      | Learned a level 4 spell: Ice Form
  2785 | D:4      | Found a shimmering blue altar of Sif Muna.
  2785 | D:4      | Found a glowing silver altar of Zin.
  2984 | D:4      | Found Ikkeir's Book Emporium.
  3136 | D:4      | Found a runed translucent gate.
  3137 | D:4      | Found a runed translucent gate.
  3137 | D:4      | Found a runed translucent gate.
  3138 | D:4      | Noticed Lanoc's ghost (amateur HOBe)
  3366 | D:5      | Entered Level 5 of the Dungeon
  3441 | D:5      | Noticed a water moccasin
  3448 | D:5      | Killed a water moccasin
  3796 | D:5      | Reached skill level 6 in Unarmed Combat
  4127 | D:5      | Your scales start taking on a glossy black colour.
  4127 | D:5      | Reached XP level 7. HP: 47/52 MP: 5/12
  4127 | D:5      | Gained mutation: You are resistant to electric shocks.
                  | (rElec) [Black Draconian growth]
  4209 | D:5      | Found a staircase to the Ecumenical Temple.
  4603 | D:5      | Found a sparkling altar of Nemelex Xobeh.
  5287 | D:6      | Identified a scroll of acquirement
  5287 | D:6      | Identified the +1 pair of boots "Archis" {-Cast rF+ rC+}
                  | (You acquired it on level 6 of the Dungeon)
  5337 | D:4      | Bought a book of Transfigurations for 715 gold pieces
  5410 | D:6      | Noticed Maggie
  5701 | D:6      | Reached skill level 7 in Unarmed Combat
  5872 | D:6      | Reached XP level 8. HP: 43/59 MP: 9/14
  5875 | D:6      | Reached skill level 5 in Transmutations
  5965 | D:5      | Learned a level 5 spell: Blade Hands
  5974 | D:6      | Killed Maggie
  6040 | D:6      | Reached skill level 5 in Spellcasting
  6111 | D:6      | Reached skill level 8 in Unarmed Combat
  6123 | D:6      | Found an ancient bone altar of Kikubaaqudgha.
  6250 | D:6      | Found a runed translucent gate.
  6251 | D:6      | Found a runed translucent gate.
  6278 | D:6      | Found a runed translucent gate.
  6279 | D:6      | Noticed Esekla's ghost (novice TeVM)
  6627 | D:7      | Reached * piety under Wu Jian
  6956 | D:7      | Noticed Dowan
  6957 | D:7      | Noticed Duvessa
  6968 | D:7      | Killed Duvessa
  6968 | D:7      | Reached skill level 9 in Unarmed Combat
  6968 | D:7      | Reached XP level 9. HP: 24/64 MP: 15/17
  6968 | D:7      | Killed Dowan
  7718 | D:7      | Reached ** piety under Wu Jian
  8318 | D:8      | Reached skill level 10 in Unarmed Combat
  9329 | D:9      | Mangled by a yak

Levels and vault maps discovered:
D:1:      dpeg_arrival_rooms_c, layout_loops_cross
D:2:      layout_basic, yredelemnul_altar_generic, fedhas_ov_isle_minmay,
          serial_undead, serial_undead_e, serial_undead_f, serial_undead_a,
          serial_undead_f
D:3:      layout_rooms, overflow_temple_1_default, lemuel_crystal_altar,
          minmay_checkerbox, uniq_crazy_yiuf_cottage, uniq_ijyb
D:4:      layout_loops_ring, gammafunk_temple_overflow_wave,
          ebering_ghost_rock_garden, serial_shops, nicolae_shop_behind_doors,
          first_ration
D:5:      minmay_general_purpose_star, layout_cave_pods,
          minmay_temple_entry_junction, basic_altar
D:6:      layout_rooms, basic_altar, gammafunk_ghost_necromancy,
          minmay_microvault, uniq_maggie
D:7:      layout_rooms, uniq_duvessa
D:8:      layout_gridville
D:9:      layout_long_grid, dpeg_oklobed_lair, erik_orc_2

Skill      XL: |  1  2  3  4  5  6  7  8  9 |
---------------+----------------------------+-----
Unarmed Combat | 4 5 6 7 9 10 | 10.4
Transmutations | 3 4 6 7 |  7.3
Spellcasting   | 3 4 5 6 |  6.8
Fighting       | |  1.1
Dodging        | |  1.7

Action                   |  1- 3 |  4- 6 |  7- 9 || total
-------------------------+-------+-------+-------++-------
Melee: Unarmed           |   152 |   188 |   306 ||   646
       Tailslap          |    22 |     9 |    18 ||    49
       Headbutt          |     5 |     4 |     5 ||    14
       Kick              |     3 |     5 |     8 ||    16
       Punch             |     1 |     5 |     4 ||    10
 Cast: Beastly Appendage |    18 |    14 |    10 ||    42
       Spider Form       |       |     9 |    22 ||    31
       Blade Hands       |       |       |     1 ||     1
Invok: Lunge             |       |     2 |    16 ||    18
       Whirlwind         |       |       |     7 ||     7
 Abil: Breathe Lightning |       |       |     1 ||     1
Evoke: Wand              |       |     1 |       ||     1
  Use: Scroll            |     4 |     5 |     3 ||    12
       Potion            |       |     3 |     3 ||     6
 Stab: Sleeping          |       |     3 |       ||     3
       Distracted        |       |       |     1 ||     1
       Invisible         |       |       |     7 ||     7
  Eat: Chunk             |     1 |    11 |    18 ||    30
       Ration            |       |       |     1 ||     1
Armor: Skin              |    55 |    42 |    57 ||   154
Dodge: Dodged            |    95 |   124 |   240 ||   459

Table legend:
 A = Non-vault XP
 B = Vault XP
 C = Vault XP percentage of total XP
 D = Non-vault monster count
 E = Vault monster count
 F = Vault count percentage of total count
                 A         B        C        D         E       F
            +---------+---------+-------+---------+---------+-------
      Total |    4413 |     778 |  15.0 |     164 |      17 |   9.4
            +---------+---------+-------+---------+---------+-------
        D:1 |      52 |       0 |   0.0 |      32 |       0 |   0.0
        D:2 |      46 |       9 |  16.4 |      16 |       4 |  20.0
        D:3 |      63 |      80 |  55.9 |      17 |       6 |  26.1
        D:4 |     237 |       0 |   0.0 |      15 |       0 |   0.0
        D:5 |     687 |      51 |   6.9 |      15 |       3 |  16.7
        D:6 |     787 |     409 |  34.2 |      19 |       2 |   9.5
        D:7 |    1222 |     229 |  15.8 |      19 |       2 |   9.5
        D:8 |    1264 |       0 |   0.0 |      30 |       0 |   0.0
        D:9 |      55 |       0 |   0.0 |       1 |       0 |   0.0
            +---------+---------+-------+---------+---------+-------
